 Dungeon Crawl Stone Soup version 0.20-a0-1074-g6a0a8e1 (webtiles) character file.

3341 dvd the Thaumaturge (level 9, -5/40 HPs)
             Began as a Deep Elf Air Elementalist on Apr 29, 2017.
             Was a Follower of Vehumet.
             Slain by a two-headed ogre
             ... wielding a +0 giant club
              (12 damage)
             ... on level 8 of the Dungeon.
             The game lasted 00:28:09 (8124 turns).

dvd the Thaumaturge (Deep Elf Air Elementalist)     Turns: 8124, Time: 00:28:10

Health: -5/40      AC: 14    Str:  5    XL:     9   Next: 72%
Magic:  20/34      EV: 12    Int: 33    God:    Vehumet [*.....]
Gold:   336        SH:  6    Dex: 15    Spells: 13/29 levels left

rFire    . . .     SeeInvis .   u - +0 short sword (curse)
rCold    . . .     Gourm    .   s - +2 buckler {AC+3}
rNeg     . . .     Faith    .   I - +3 leather armour {rPois}
rPois    +         Spirit   .   p - +1 helmet {Int+3}
rElec    .         Reflect  .   q - +0 cloak
rCorr    .         Harm     .   J - +0 pair of gloves
MR       .....                  w - +0 pair of boots
Stlth    +++.......             (no amulet)
Regen    0.2/turn               j - +4 ring of intelligence
MPRegen  0.3/turn               l - ring of magical power

@: about to teleport
A: clever 1, frail 1
a: Renounce Religion


You were on level 8 of the Dungeon.
You worshipped Vehumet.
Vehumet was aware of your devotion.
You were not hungry.

You visited 2 branches of the dungeon, and saw 9 of its levels.
You also visited: Sewer.

You collected 390 gold pieces.
You spent 54 gold pieces at shops.

Inventory:

Hand Weapons
 e - a +1 war axe of electrocution
 n - a +1 whip of holy wrath
 o - a +5 quarterstaff of chaos
 u - a cursed +0 short sword (weapon)
 x - a +2 whip of flaming
 A - the +4 whip of Infinite Pain {freeze, rPois Int+4, unknown}
   (You took it off a wight on level 7 of the Dungeon)

   It has been specially enchanted to freeze those struck by it, causing extra
   injury to most foes and up to half again as much damage against particularly
   susceptible opponents.
   It can also slow down cold-blooded creatures.
   It affects your intelligence (+4).
   It protects you from poison.
 H - the +1 short sword of Laut {antimagic, rF+ Str+5}
   (You found it in a sewer)

   It reduces the magical energy of the wielder, and disrupts the spells and
   magical abilities of those hit.
   Natural abilities and divine invocations are not affected.
   It affects your strength (+5).
   It protects you from fire.
Armour
 p - a +1 helmet of intelligence (worn)
 q - a +0 cloak (worn)
 s - a +2 buckler of protection (worn)
 w - a +0 pair of boots (worn)
 I - a +3 leather armour of poison resistance (worn)
 J - a +0 pair of gloves (worn)
Jewellery
 j - a +4 ring of intelligence (left hand)
 k - an uncursed ring of protection from fire
 l - a ring of magical power (right hand)
 r - an uncursed amulet of guardian spirit
 t - an uncursed ring of poison resistance
Wands
 y - a wand of iceblast (2/15)
 C - a wand of confusion (32/48)
 D - a wand of confusion (14/48)
 E - a wand of paralysis (12/24)
Scrolls
 a - a scroll of magic mapping
 h - 7 scrolls of identify
 v - a scroll of recharging
 B - 3 scrolls of teleportation
Potions
 f - 3 potions of curing
 m - a potion of brilliance
 F - 4 potions of flight
Books
 b - a book of Air

   Spells                             Type                      Level
   a - Shock                          Conjuration/Air              1
   b - Swiftness                      Charms/Air                   2
   c - Static Discharge               Conjuration/Air              3
   d - Airstrike                      Air                          4
   e - Lightning Bolt                 Conjuration/Air              5
 z - a book of Geomancy

   Spells                             Type                      Level
   a - Sandblast                      Earth                        1
   b - Passwall                       Transmutation/Earth          2
   c - Stone Arrow                    Conjuration/Earth            3
   d - Petrify                        Transmutation/Earth          4
   e - Lee's Rapid Deconstruction     Earth                        5
Comestibles
 c - 5 bread rations
 d - 3 royal jellies
 g - 5 meat rations
 i - 14 fruits
 G - a chunk of flesh


   Skills:
 + Level 0.2 Fighting
 + Level 1.5 Short Blades
 + Level 1.5 Armour
 + Level 3.9 Dodging
 + Level 5.1 Stealth
 + Level 0.7 Shields
 + Level 10.8 Spellcasting
 + Level 6.5 Conjurations
 + Level 8.3 Air Magic


You had 13 spell levels left.
You knew the following spells:

 Your Spells              Type           Power        Failure   Level  Hunger
a - Shock                 Conj/Air       ####         1%          1    None
b - Static Discharge      Conj/Air       ######..     1%          3    None
c - Airstrike             Air            ######....   1%          4    None
d - Lightning Bolt        Conj/Air       ######....   9%          5    ##.....
e - Stone Arrow           Conj/Erth      #####.       4%          3    None


Dungeon Overview and Level Annotations

Branches:
Dungeon (8/15)             Temple (1/1) D:5
   Lair: D:8-11

Altars:
Ashenzari
Cheibriados
Dithmenos
Elyvilon
Fedhas
Gozag
Hepliaklqana
Kikubaaqudgha
Makhleb
Nemelex Xobeh
Okawaru
Qazlal
Ru
Sif Muna
Trog
Vehumet
Wu Jian
Xom
Yredelemnul
Zin
The Shining One
Lugonu

Shops:
D:4 [


Innate Abilities, Weirdness & Mutations

Your mind is acute. (Int +2)
You are frail. (-10% HP)


Message History

The two-headed ogre is moderately wounded.
Casting: Airstrike
Confirm with . or Enter, or press ? or * to list all spells.
The two-headed ogre is struck by lightning.
The two-headed ogre is heavily wounded.
The lightning arcs!
You are struck by lightning.
The lightning arcs!
The two-headed ogre is struck by lightning.
The two-headed ogre is severely wounded.
The lightning arcs!
You are struck by lightning.
The lightning grounds out.
The two-headed ogre hits you with a giant club!!
Ouch! That really hurt!
* * * LOW HITPOINT WARNING * * *
You block the two-headed ogre's attack.
Unknown command.
Okay, then.
Unknown command.
As you read the scroll of teleportation, it crumbles to dust.
You feel strangely unstable.
The two-headed ogre hits you with a giant club!
You die...

#...................
#...................
#...................
#....................
#.....................
#.....)...............
#........>............
#.....................
#..........@..........
#...........O.........
#.....................
#.....................
#.....................
.....................
.?..................
...................
..................


You could see a two-headed ogre.

Vanquished Creatures
  Pikel (D:4)
  Joseph (D:8)
  A hippogriff (D:3)
  Eustachio (D:6)
  A hungry ghost (D:7)
  An orc warrior (D:6)
  An ice beast (D:5)
  A slave (D:4)
  5 ogres
  A centaur (D:7)
  Blork the orc (D:4)
  A scorpion (D:7)
  6 killer bees (D:7)
  3 wights (D:7)
  4 howler monkeys
  2 crimson imps
  A bullfrog zombie (D:5)
  A bullfrog skeleton (D:7)
  An orc priest (D:7)
  2 hounds
  A centaur skeleton (D:4)
  Crazy Yiuf (D:2)
  An iguana (D:6)
  A merfolk siren (Sewer)
  2 orc wizards (D:7)
  A merfolk avatar (Sewer)
  2 worker ants
  Robin (D:2)
  4 gnolls (D:4)
  4 river rats (Sewer)
  6 adders
  2 oozes
  5 worms
  7 leopard geckos
  15 orcs
  5 giant cockroaches
  2 gnoll zombies (D:6)
  17 goblins
  3 hobgoblins (D:2)
  13 jackals
  8 kobolds
  5 quokkas
  5 ball pythons (Sewer)
  10 bats
  7 frilled lizards
  25 rats
189 creatures vanquished.

Notes
Turn   | Place    | Note
-------+----------+-------------------------------------------
     0 | D:1      | dvd the Deep Elf Air Elementalist began the quest for the Orb.
     0 | D:1      | Reached XP level 1. HP: 10/10 MP: 6/6
   213 | D:1      | Reached XP level 2. HP: 15/15 MP: 2/8
   914 | D:2      | Reached XP level 3. HP: 19/19 MP: 7/9
   917 | D:2      | Noticed Robin
   932 | D:1      | Learned a level 3 spell: Static Discharge
  1107 | D:2      | Killed Robin
  1548 | D:2      | Found a runed door.
  1552 | D:2      | Noticed Crazy Yiuf
  1560 | D:2      | Killed Crazy Yiuf
  1560 | D:2      | Reached skill level 4 in Spellcasting
  1560 | D:2      | Reached XP level 4. HP: 2/24 MP: 1/12
  1838 | D:2      | Found a snail-covered altar of Cheibriados.
  1982 | D:2      | Found a sacrificial altar of Ru.
  1990 | D:2      | Became a worshipper of Ru the Awakened
  2429 | D:3      | Found an ornate altar of the Wu Jian Council.
  2574 | D:3      | Found an opulent altar of Gozag.
  2697 | D:3      | Learned a level 4 spell: Airstrike
  2792 | D:3      | Noticed a hippogriff
  2799 | D:3      | Killed a hippogriff
  2799 | D:3      | Reached skill level 5 in Spellcasting
  2799 | D:3      | Reached XP level 5. HP: 19/28 MP: 8/14
  2799 | D:3      | Reached XP level 6. HP: 22/32 MP: 8/16
  3025 | D:3      | Found a blossoming altar of Fedhas.
  3043 | D:3      | Found a stormy altar of Qazlal.
  3082 | D:3      | Found an iron altar of Okawaru.
  3272 | D:4      | Found Fuwuotae's Armour Shoppe.
  3272 | D:4      | Noticed Blork the orc
  3282 | D:4      | Killed Blork the orc
  3353 | D:4      | Bought a +0 pair of boots for 54 gold pieces
  3363 | D:4      | Reached skill level 6 in Spellcasting
  3363 | D:4      | Reached XP level 7. HP: 36/36 MP: 18/18
  3460 | D:4      | Noticed Pikel
  3467 | D:4      | Killed Pikel
  3467 | D:4      | Reached skill level 7 in Spellcasting
  3467 | D:4      | Reached skill level 5 in Conjurations
  3467 | D:4      | Reached skill level 5 in Air Magic
  3596 | D:4      | Found a shadowy altar of Dithmenos.
  3845 | D:4      | Reached XP level 8. HP: 41/41 MP: 21/21
  4199 | D:5      | Entered Level 5 of the Dungeon
  4221 | D:5      | Found a white marble altar of Elyvilon.
  4425 | D:5      | Found a glowing drain.
  4453 | D:5      | Learned a level 5 spell: Lightning Bolt
  4454 | Sewer    | Entered a sewer
  4802 | Sewer    | Got an encrusted short sword
  4806 | Sewer    | Identified the +1 short sword of Laut {antimagic, rF+ Str+5} (You found it in a sewer)
  4967 | D:5      | Found a deep blue altar of Sif Muna.
  5236 | D:5      | Reached skill level 8 in Spellcasting
  5305 | D:5      | Found a staircase to the Ecumenical Temple.
  5312 | Temple   | Entered the Ecumenical Temple
  5398 | Temple   | Fell from the grace of Ru
  5398 | Temple   | Became a worshipper of Vehumet
  5568 | D:6      | Noticed Eustachio
  5574 | D:6      | Killed Eustachio
  5728 | D:6      | Reached skill level 1 in Short Blades
  5848 | D:6      | Gained mutation: You are frail. (-10% HP) [potion of mutation]
  5848 | D:6      | Gained mutation: Your mind is acute. (Int +2) [potion of mutation]
  6151 | D:6      | Learned a level 3 spell: Stone Arrow
  6232 | D:6      | Found a basalt altar of Yredelemnul.
  6715 | D:7      | Reached skill level 9 in Spellcasting
  6718 | D:7      | Reached XP level 9. HP: 28/40 MP: 13/24
  7211 | D:7      | Got a transparent whip {freeze}
  7398 | D:7      | Reached * piety under Vehumet
  7398 | D:7      | Offered knowledge of Magic Dart by Vehumet.
  7485 | D:7      | Reached skill level 1 in Armour
  7599 | D:7      | Reached skill level 10 in Spellcasting
  7603 | D:7      | Reached skill level 5 in Stealth
  7979 | D:8      | Noticed Joseph
  7986 | D:8      | Killed Joseph
  8113 | D:8      | Noticed a two-headed ogre
  8124 | D:8      | Slain by a two-headed ogre

Vault maps used:
D:1:      dpeg_arrival_arbitrary_c
D:2:      cheibriados_altar_1, nicolae_overflow_crystal_walls,
          uniq_crazy_yiuf_cottage, uniq_robin
D:3:      nicolae_overflow_quartered_altars, first_bread, grunt_gozag_statues
D:4:      nicolae_dithmenos_the_darkroom, serial_shops, shop, fountainhead,
          uniq_pikel, uniq_blork_the_orc
D:5:      kennysheep_little_box, minmay_temple_entry_nine_rooms,
          cheibrodos_sewer_entry_bend, elyvilon_altar_4
D:6:      lemuel_zombie_altar_yredelemnul, uniq_eustachio
D:8:      overflow_temple_1_default, uniq_joseph
Temple:   kb_corrupted_temple
Sewer:    sewer_sea

Skill      XL: |  1  2  3  4  5  6  7  8  9 |
---------------+----------------------------+-----
Spellcasting   | 4 5 6 7 9 10 | 10.8
Air Magic      | 4 5 7 8 |  8.3
Stealth        | 3 4 5 |  5.1
Conjurations   | 3 4 5 6 |  6.5
Dodging        | 3 |  3.9
Short Blades   | 1 |  1.5
Armour         | 1 |  1.5
Fighting       | |  0.2
Shields        | |  0.7

Action                   |  1- 3 |  4- 6 |  7- 9 || total
-------------------------+-------+-------+-------++-------
Melee: Dagger            |     5 |    15 |    12 ||    32
       Short sword       |       |       |    23 ||    23
 Cast: Shock             |    67 |    97 |   133 ||   297
       Static Discharge  |     1 |     4 |    35 ||    40
       Airstrike         |       |       |    44 ||    44
  Use: Scroll            |       |     5 |     5 ||    10
       Potion            |       |       |     7 ||     7
 Stab: Sleeping          |     1 |       |     5 ||     6
  Eat: Chunk             |     2 |     5 |    11 ||    18
       Royal jelly       |       |       |     2 ||     2
Armor: Robe              |     5 |     3 |     8 ||    16
       Leather armour    |       |       |    12 ||    12
Dodge: Dodged            |    22 |    21 |    47 ||    90
Block: Buckler           |       |     2 |    23 ||    25
